 Dungeon Crawl Stone Soup version 0.23.2-30-g0e89c35649 (webtiles) character file.

Game seed: 10817794103180502030

355 Mrkan the Cudgeler (level 6, 0/40 HPs)
             Began as a Gargoyle Monk on June 23, 2019.
             Slain by Grinder (5 damage)
             ... on level 4 of the Dungeon.
             The game lasted 00:06:43 (3411 turns).

Mrkan the Cudgeler (Gargoyle Monk)                  Turns: 3411, Time: 00:06:44

Health: 0/40       AC: 10    Str: 17    XL:     6   Next: 63%
Magic:  6/6        EV:  8    Int: 10    God:
Gold:   145        SH:  9    Dex: 12    Spells: 5/5 levels left

rFire    . . .     SeeInvis .   a - +0 mace
rCold    . . .     Gourm    .   f - +0 shield
rNeg     + . .     Faith    .   h - +0 scale mail
rPois    ∞         Spirit   .   (no helmet)
rElec    +         Reflect  .   (no cloak)
rCorr    .         Harm     .   (no gloves)
MR       .....                  (no boots)
Stlth    +.........             (no amulet)
HPRegen  0.13/turn              (no ring)
MPRegen  0.10/turn              (no ring)

@: no status effects
A: negative energy resistance 1, electricity resistance, unbreathing,
petrification resistance, rot immunity, AC +4
a: no special abilities


You were on level 4 of the Dungeon.
You were hungry.

You visited 1 branch of the dungeon, and saw 5 of its levels.

You collected 145 gold pieces.

Inventory:

Hand Weapons
 a - a +0 mace (weapon)
Armour
 f - a +0 shield (worn)
 h - a +0 scale mail (worn)
Jewellery
 k - a +3 ring of dexterity
 t - an uncursed ring of protection from magic {unknown}
 x - an uncursed amulet of rage {unknown}
Wands
 r - a wand of iceblast (5)
Scrolls
 b - 5 scrolls of teleportation {unknown}
 e - 3 scrolls of remove curse {unknown}
 i - 2 scrolls of enchant armour {unknown}
 j - a scroll of noise {unknown}
 m - a scroll of immolation {unknown}
 p - a scroll of enchant weapon {unknown}
 q - a scroll of random uselessness {unknown}
 s - 2 scrolls of identify {unknown}
 u - a scroll of blinking {unknown}
 v - a scroll of amnesia {unknown}
Potions
 d - a potion of magic
 g - a potion of degeneration {unknown}
 l - a potion of mutation {unknown}
 n - 2 potions of curing {unknown}
 o - a potion of brilliance {unknown}
 w - a potion of heal wounds {unknown}
Comestibles
 c - 3 rations


   Skills:
 + Level 4.9 Fighting
 * Level 5.6 Maces & Flails
 - Level 2.4 Dodging
 - Level 2.1 Stealth
 + Level 3.1 Shields


You had 5 spell levels left.
You didn't know any spells.
Your spell library was empty.

Dungeon Overview and Level Annotations

Branches:
Dungeon (5/15)
 Temple: D:4-7

Altars:

Annotations:
D:4 Grinder


Innate Abilities, Weirdness & Mutations

You are resistant to torment.
Your stone body is resilient. (AC +4)
You are immune to poison.
You resist negative energy. (rN+)
You are resistant to electric shocks. (rElec)
You can survive without breathing.
You are immune to petrification.
You are immune to rotting.


Message History

Grinder gestures at you.
You suddenly lose the ability to move!
Grinder hits you! Grinder gestures at you. You resist with significant effort.
Grinder hits you. Grinder gestures at you. Pain shoots through your body!
* * * LOW HITPOINT WARNING * * *
Grinder hits you.
* * * LOW HITPOINT WARNING * * *
You writhe in agony.
* * * LOW HITPOINT WARNING * * *
Grinder gestures at you. Pain shoots through your body!
* * * LOW HITPOINT WARNING * * *
You can move again.
There is a stone staircase leading down here.
Grinder hits you.
You die...

.....###................#.#...##.
..#.. ......##.##.......##..#...
..... #.......####...........#...
.... .........# #..##.........##
........... #.###.........#.
........#######..........##.
##.....##..#......##.
##.......#..#...#.....
#?...@.........###....
#.⌠..5..⌠......# ##...
###.............## ##..
#...).⌠.⌠........# #..
..............##.### ###
......⌠.....⌠.####
#####....<....# ##.......##
##.....##


You could see Grinder.

Vanquished Creatures
  An ogre (D:4)
  A bullfrog skeleton (D:4)
  A worker ant (D:3)
  4 gnolls (D:2)
  7 adders
  2 oozes
  2 worms
  5 dart slugs
  3 leopard geckos
  An orc (D:5)
  8 bats
  5 giant cockroaches
  9 hobgoblins
  6 jackals (D:3)
  A quokka (D:4)
  4 frilled lizards
  13 goblins
  8 kobolds
  13 rats
94 creatures vanquished.

Notes
Turn   | Place    | Note
-------+----------+-------------------------------------------
     0 | D:1      | Mrkan the Gargoyle Monk began the quest for the Orb.
     0 | D:1      | Reached XP level 1. HP: 14/14 MP: 1/1
   267 | D:1      | Reached XP level 2. HP: 12/19 MP: 2/2
   506 | D:1      | Reached XP level 3. HP: 20/24 MP: 3/3
   880 | D:1      | Reached skill level 1 in Shields
  1117 | D:2      | Reached skill level 4 in Maces & Flails
  1149 | D:2      | Reached XP level 4. HP: 29/29 MP: 4/4
  1432 | D:2      | You fall through a shaft for 2 floors!
  1453 | D:4      | Reached XP level 5. HP: 31/33 MP: 5/5
  2247 | D:3      | Reached skill level 5 in Maces & Flails
  2331 | D:3      | Reached XP level 6. HP: 22/39 MP: 6/6
  3032 | D:4      | Noticed Grinder
  3047 | D:4      | Paralysed by Grinder for 7 turns
  3058 | D:4      | Paralysed by Grinder for 6 turns
  3062 | D:4      | HP: 1/40 [Grinder/nerve-wracking pain (7)]
  3067 | D:5      | Entered Level 5 of the Dungeon
  3378 | D:4      | Paralysed by Grinder for 4 turns
  3401 | D:4      | Paralysed by Grinder for 7 turns
  3411 | D:4      | Slain by Grinder

Skill      XL: |  1  2  3  4  5  6 |
---------------+-------------------+-----
Shields        | 1 2 3 |  3.1
Maces & Flails | 4 5 |  5.6
Fighting       | 4 |  4.9
Dodging        | |  2.4
Stealth        | |  2.1

Action                   |  1- 3 |  4- 6 || total
-------------------------+-------+-------++-------
Melee: Mace              |   120 |   296 ||   416
  Use: Potion            |       |     1 ||     1
  Eat: Chunk             |       |     8 ||     8
Armor: Robe              |    14 |       ||    14
       Scale mail        |    50 |   191 ||   241
Dodge: Dodged            |    71 |   126 ||   197
Block: Shield            |    41 |   149 ||   190
